Map: Vestígio Bel'Shir LE (Void)

Players

efelinto

  • Race: Protoss Protoss
  • League: Diamond
  • Spawn Location: 5:00

DrunkSCV - Winner!

  • Race: Protoss Protoss
  • League: Diamond
  • Spawn Location: 11:00

VOD

Have the link to the VOD?

Description

Time

  • Played on: April 21, 2017, 11:18 p.m.
  • Length: 4:56
Show
View Real Time Build Order
Export as new Build Order

efelinto Protoss 

Build Orders: Oracle Opening 

Get SALT Encoding   

  12  0:01  Probe (Chrono Boost)  
  13  0:11  Probe (Chrono Boost)  
  14  0:18  Pylon  
  14  0:22  Probe (Chrono Boost)  
  15  0:36  Probe (Chrono Boost)  
  15  0:39  Gateway  
  16  0:46  Probe (Chrono Boost)  
  16  0:48  Assimilator  
  18  0:57  Probe (Chrono Boost)  
  18  0:58  Assimilator  
  18  1:07  Probe (Chrono Boost)  
  19  1:18  Probe (Chrono Boost)  
  20  1:29  Probe (Chrono Boost)  
  20  1:32  Cybernetics Core  
  21  1:39  Probe (Chrono Boost)  
  22  1:43  Pylon  
  22  1:50  Probe (Chrono Boost)  
  23  2:01  Probe (Chrono Boost)  
  24  2:04  Warp Gate  
  24  2:05  Stalker  
  24  2:13  Probe (Chrono Boost)  
  27  2:21  Gateway  
  28  2:31  Probe (Chrono Boost)  
  28  2:32  Stalker  
  28  2:33  Pylon  
  30  2:43  Probe (Chrono Boost)  
  31  2:55  Probe (Chrono Boost)  
  32  3:02  Stargate  
  32  3:18  Gateway  
  32  3:19  Gateway  
  32  3:21  Gateway  
  32  3:40  Pylon  
  32  3:41  Oracle  
  32  3:48  Nexus  
  35  4:09  Probe (Chrono Boost)  
  36  4:23  Probe (Chrono Boost)  
  37  4:27  Pylon  
  37  4:29  Pylon  
  37  4:36  Mothership Core (Chrono Boost)  
Show
View Real Time Build Order
Export as new Build Order

DrunkSCV Protoss - Winner!

Build Orders: Oracle Opening 

Get SALT Encoding   

  12  0:01  Probe (Chrono Boost)  
  13  0:11  Probe (Chrono Boost)  
  14  0:18  Pylon  
  14  0:22  Probe (Chrono Boost)  
  15  0:36  Probe (Chrono Boost)  
  15  0:41  Gateway  
  16  0:44  Assimilator  
  16  0:47  Probe (Chrono Boost)  
  17  0:57  Probe (Chrono Boost)  
  17  1:00  Pylon  
  18  1:08  Probe (Chrono Boost)  
  19  1:18  Probe (Chrono Boost)  
  20  1:25  Assimilator  
  20  1:29  Cybernetics Core  
  20  1:32  Probe (Chrono Boost)  
  21  1:42  Probe (Chrono Boost)  
  22  1:53  Probe (Chrono Boost)  
  23  2:13  Nexus  
  24  2:20  Warp Gate  
  23  2:27  Stargate  
  25  2:31  Mothership Core (Chrono Boost)  
  25  2:48  Pylon  
  25  2:51  Forge  
  26  2:59  Probe (Chrono Boost)  
  26  3:07  Oracle  
  28  3:22  Gateway x2  
  28  3:25  Pylon  
  28  3:37  Probe (Chrono Boost)  
  28  3:38  Probe (Chrono Boost)  
  30  3:47  Void Ray  
  30  3:48  Pylon  
  34  4:22  Pylon  
  34  4:25  Stalker x3  
  39  4:43  Photon Cannon  
  40  4:53  Stalker x3  
Tags
 
Add a new tag
Caveats
  • Supply blocks, unpowered buildings, or Contaminate may cause inaccurate times.
  • Supply counts are checked every 10 seconds.